 Dungeon Crawl Stone Soup version 0.30.0-19-g36f170ea60 (webtiles) character file.

Game seed: 15414898932294341106

203 Graphine the Ducker (level 5, -6/64 HPs)
             Began as a Merfolk Monk on May 28, 2023.
             Was a Believer of Vehumet.
             Killed by divine providence
             ... invoked by an orc priest
              (13 damage)
             ... on level 4 of the Dungeon.
             The game lasted 00:05:14 (2505 turns).

Graphine the Ducker (Merfolk Monk)                  Turns: 2505, Time: 00:05:14

Health: -6/64      AC: 22    Str: 12    XL:     5   Next: 81%
Magic:  5/5        EV:  2    Int:  9    God:    Vehumet [**....]
Gold:   157        SH:  5    Dex: 18    Spells: 4/4 levels left

rFire   . . .        a - +1 falchion
rCold   . . .        g - +0 buckler
rNeg    . . .        j - melded +2 leather armour of Yled {rPois Int+5}
rPois   +            (helmet currently unavailable)
rElec   .            (cloak currently unavailable)
rCorr   +            (gloves currently unavailable)
SInv    .            (boots currently unavailable)
Will    .....        (no amulet)
Stlth   ++           e - ring of resist corrosion
HPRegen 0.30/turn    (no ring)
MPRegen 0.09/turn

%: no passive effects
@: tree-form
A: stationary, stasis, torment immunity, boosted hp, (nimble swimmer 2),
(mertail)
a: Renounce Religion


You were on level 4 of the Dungeon.
You worshipped Vehumet.
Vehumet was pleased with you.
You were a tree.
You visited 1 branch of the dungeon, and saw 4 of its levels.

You collected 157 gold pieces.

Inventory:

Hand Weapons
 a - a +1 falchion (weapon)
Armour
 b - a +0 robe
 d - an orb of light
 g - a +0 buckler (worn)
 j - the +2 leather armour of Yled (melded) {rPois Int+5}
   (You found it on level 3 of the Dungeon)

   Int:       It affects your intelligence (+5).
   rPois:     It protects you from poison.
Jewellery
 e - a ring of resist corrosion (left branch)
Scrolls
 f - 2 scrolls of teleportation
Potions
 c - a potion of ambrosia
 i - a potion of mutation {unknown}
 k - a potion of curing {unknown}
 l - 2 potions of heal wounds {unknown}
 m - a potion of brilliance {unknown}


   Skills:
 + Level 4.4 Fighting
 + Level 4.9 Long Blades
 + Level 5.4 Dodging
 + Level 2.2 Shields


You had 4 spell levels left.
You didn't know any spells.
Your spell library contained the following spells:

 Spells                   Type           Power      Damage    Failure   Level
 Searing Ray              Conj           0%         2d4       65%         2
 Kiss of Death            Conj/Necr      0%         2d5       50%         1
 Confusing Touch          Hex            0%         N/A       86%         3
 Dazzling Flash           Conj/Hex       0%         N/A       86%         3
 Ignite Poison            Fire/Tmut/Pois 0%         N/A       86%         3
 Volatile Blastmotes      Fire/Tloc      0%         2d10      86%         3
 Anguish                  Hex/Necr       0%         N/A       99%         4
 Cause Fear               Hex            0%         N/A       99%         4
 Dispel Undead            Necr           0%         3d6       99%         4
 Iskenderun's Mystic Bla  Conj/Tloc      0%         2d3       99%         4
 Petrify                  Tmut/Erth      0%         N/A       99%         4
 Sticky Flame             Conj/Fire      0%         2d3       99%         4
 Metabolic Englaciation   Hex/Ice        0%         N/A       100%        5
 Starburst                Conj/Fire      0%         6d3       100%        6
 Statue Form              Tmut/Erth      0%         N/A       100%        6
 Enfeeble                 Hex            0%         N/A       100%        7
 Ignition                 Fire           0%         3d3       100%        8


Dungeon Overview and Level Annotations

Branches:
Dungeon (4/15)
 Temple: D:4-7

Altars:
Hepliaklqana
Vehumet


Innate Abilities, Weirdness & Mutations

You are a tree.
Your roots penetrate the ground, keeping you stationary.
You cannot be teleported.
You are immune to unholy pain and torment.
Your maximum health is greatly increased.
Your equipment is partially melded.
((You are very nimble when in or above water. (Stealth+, EV+, Speed+++)))
((Your lower body shifts to a powerful aquatic tail in water.))


Message History

The quokka bites you but does no damage.
You are too injured to fight recklessly!
Hit: a) +1 falchion
Press: ? - help, Dir - move target, f - quokka
Aim: a quokka (about 43% to evade your +1 falchion)
You hit the quokka.
The quokka is moderately wounded.
You block the quokka's attack. The gnoll hits you but does no damage.
Unknown command.
Hit: a) +1 falchion
Press: ? - help, Dir - move target, f/p - quokka
Aim: a quokka (moderately wounded, about 43% to evade your +1 falchion)
You hit the quokka but do no damage.
The quokka is moderately wounded.
The quokka bites you but does no damage.
The gnoll hits you but does no damage. The quokka bites you.
* * * LOW HITPOINT WARNING * * *
Hit: a) +1 falchion
Press: ? - help, Dir - move target, f - gnoll, p - quokka
Aim: a gnoll, wielding a +0 whip (heavily wounded, about 31% to evade your +1 falchion)
You hit the gnoll.
The gnoll is severely wounded.
The gnoll hits you but does no damage.
A scorpion comes into view.
The quokka bites you but does no damage.
Hit: a) +1 falchion
Press: ? - help, Dir - move target, f/p - gnoll
Aim: a gnoll, wielding a +0 whip (heavily wounded, about 31% to evade your +1 falchion)
You slash the gnoll!
You kill the gnoll!
Vehumet accepts your kill.
The quokka bites you but does no damage.
Hit: a) +1 falchion
Press: ? - help, Dir - move target, f - quokka
Aim: a quokka (moderately wounded, about 43% to evade your +1 falchion)
You barely miss the quokka.
The quokka is moderately wounded.
The orc priest calls down the wrath of Beogh upon you.
Beogh smites you!
You die...

#.###..#. ..#.. #.#......
..#..### #...##...
......# ###....#...
.....## ##.......... .
##....#####..#........
...#.....#...............
.....(...#o...###........
#.s.....♣roh..##.........
#..=##..#oKg..#..........
# #..##o..............
#....o..........[...
....................
.<...o...............
...###.......>. ....
#.......


You could see a scorpion, a hound, an orc priest, a gnoll, 4 orcs, a quokka and
a kobold.

Vanquished Creatures
  A hound (D:4)
  An orc priest (D:3)
  2 gnolls (D:4)
  5 adders
  3 dart slugs
  5 orcs
  2 endoplasms (D:1)
  2 giant cockroaches
  9 hobgoblins
  3 jackals (D:2)
  2 quokkas
  6 ball pythons
  5 bats
  4 frilled lizards
  12 goblins
  3 kobolds (D:1)
  4 rats
69 creatures vanquished.

Notes
Turn   | Place    | Note
-------+----------+-------------------------------------------
     0 | D:1      | Graphine the Merfolk Monk began the quest for the Orb.
     0 | D:1      | Reached XP level 1. HP: 18/18 MP: 1/1
   244 | D:1      | Reached XP level 2. HP: 24/24 MP: 2/2
   497 | D:1      | Reached XP level 3. HP: 24/30 MP: 3/3
  1188 | D:2      | Reached skill level 1 in Shields
  1251 | D:2      | Found a radiant altar of Vehumet.
  1264 | D:2      | Became a worshipper of Vehumet
  1264 | D:2      | Reached * piety under Vehumet
  1264 | D:2      | Offered knowledge of Freeze by Vehumet.
  1264 | D:2      | Reached ** piety under Vehumet
  1272 | D:2      | Reached XP level 4. HP: 37/37 MP: 4/4
  1426 | D:3      | Offered knowledge of Momentum Strike by Vehumet.
  1437 | D:3      | Reached skill level 5 in Dodging
  1638 | D:3      | Identified the +2 leather armour of Yled {rPois Int+5}
  1804 | D:3      | Reached XP level 5. HP: 30/42 MP: 5/5
  1971 | D:3      | Found a faded altar of an unknown god.
  1975 | D:3      | Found a hazy altar of Hepliaklqana.
  2491 | D:4      | Offered knowledge of Searing Ray by Vehumet.
  2505 | D:4      | Killed from afar by an orc priest

Illustrated notes

Levels and vault maps discovered:
D:1:      lemuel_arrival_lava_pool, layout_loops_ring
D:2:      layout_loops_cross, basic_altar, chequers_mini_garden,
          minmay_crystal_room
D:3:      layout_basic, nicolae_overflow_ecumenical_swirl,
          chequers_serial_rivers_marsh, item_on_display_a
D:4:      layout_cave_pools, zin_treasury

Skill      XL: |  1  2  3  4  5 |
---------------+----------------+-----
Long Blades    | 4 |  4.9
Shields        | 1 2 |  2.2
Fighting       | 4 |  4.4
Dodging        | 5 |  5.4

Action                     |  1- 3 |  4- 6 || total
---------------------------+-------+-------++-------
  Melee: Falchion          |   108 |   106 ||   214
    Use: Scroll            |     4 |     1 ||     5
         Potion            |       |     1 ||     1
   Stab: Sleeping          |     5 |     3 ||     8
 Armour: Robe              |    13 |     5 ||    18
         Leather armour    |       |    15 ||    15
         Skin              |       |     7 ||     7
  Dodge: Dodged            |    87 |    57 ||   144
  Block: Buckler           |     9 |    27 ||    36
